 Dungeon Crawl Stone Soup version 0.22.0-38-g04b72b8c25 (webtiles) character file.

4587 jan the Martial Artist (level 10, -4/76 HPs)
             Began as a Gnoll Transmuter on Aug 30, 2018.
             Was a Follower of Cheibriados.
             Slain by a hippogriff (8 damage)
             ... on level 8 of the Dungeon.
             The game lasted 00:17:09 (8061 turns).

jan the Martial Artist (Gnoll Transmuter)           Turns: 8061, Time: 00:17:10

Health: -4/76      AC:  2    Str: 17    XL:     10   Next: 41%
Magic:  18/20      EV: 27    Int: 20    God:    Cheibriados [*.....]
Gold:   149        SH:  0    Dex: 22    Spells: 8/23 levels left

rFire    + . .     SeeInvis +     - Unarmed
rCold    . . .     Gourm    .   (shield currently unavailable)
rNeg     . . .     Faith    .   (armour currently unavailable)
rPois    x         Spirit   .   (helmet currently unavailable)
rElec    +         Reflect  .   (cloak currently unavailable)
rCorr    .         Harm     .   (gloves currently unavailable)
MR       +++..                  (boots currently unavailable)
Stlth    +++.......             (no amulet)
HPRegen  0.22/turn              w - ring of Ilok {rElec rF+ MR+++ Dex-2 SInv}
MPRegen  0.17/turn              (no ring)

@: spider-form (expiring), very slow
A: tiny, distributed training, strong nose
a: End Transformation, Bend Time, Renounce Religion


You were on level 8 of the Dungeon.
You worshipped Cheibriados.
Cheibriados was aware of your devotion.
You were near starving.
You were a venomous arachnid creature.
You visited 2 branches of the dungeon, and saw 9 of its levels.

You collected 305 gold pieces.
You spent 156 gold pieces at shops.

Inventory:

Hand Weapons
 m - a +2 dagger of venom
Missiles
 a - 99 arrows
 h - 188 stones (quivered)
 u - a throwing net
Armour
 c - +0 steam dragon scales
 o - a +0 shield
 y - a cursed +0 cloak (melded)
 F - the cursed +1 robe of the Shrike (melded) {rF+ Int+2 Stlth+}
   (You took it off an orc on level 7 of the Dungeon)

   It affects your intelligence (+2).
   It protects you from fire.
   It makes you more stealthy.
   It has a curse placed upon it.
Jewellery
 w - the ring of Ilok (left front leg) {rElec rF+ MR+++ Dex-2 SInv}
   (You bought it in a shop on level 5 of the Dungeon)

   [ring of protection from fire]

   It affects your dexterity (-2).
   It protects you from fire.
   It insulates you from electricity.
   It affects your resistance to hostile enchantments.
   It lets you see invisible.
Wands
 n - a wand of acid (19)
 z - a wand of random effects (30)
Scrolls
 e - a scroll of amnesia
 f - a scroll of enchant weapon
 g - 4 scrolls of remove curse
 i - 3 scrolls of enchant armour
 j - 2 scrolls of fear
 k - 4 scrolls of teleportation
 s - a scroll of random uselessness
 x - a scroll of fog
 C - a scroll of silence {unknown}
 D - a scroll of holy word {unknown}
 E - a scroll of brand weapon {unknown}
Potions
 l - 2 potions of ambrosia
 p - 3 potions of flight
 q - 3 potions of lignification
 t - 2 potions of degeneration
 v - a potion of might
Miscellaneous
 G - a fan of gales
Comestibles
 d - 15 rations


   Skills:
 + Level 5.8 Fighting
 + Level 5.1 Short Blades
 + Level 5.1 Long Blades
 + Level 5.1 Axes
 + Level 5.1 Maces & Flails
 + Level 5.1 Polearms
 + Level 5.1 Staves
 + Level 5.1 Slings
 + Level 5.1 Bows
 + Level 5.1 Crossbows
 + Level 5.1 Throwing
 + Level 5.1 Armour
 + Level 7.0 Dodging
 + Level 5.1 Stealth
 + Level 5.1 Shields
 + Level 8.4 Unarmed Combat
 + Level 7.3 Spellcasting
 + Level 4.2 Conjurations
 + Level 4.2 Hexes
 + Level 4.2 Charms
 + Level 4.2 Summonings
 + Level 4.2 Necromancy
 + Level 4.2 Translocations
 + Level 5.8 Transmutations
 + Level 4.2 Fire Magic
 + Level 4.2 Ice Magic
 + Level 4.2 Air Magic
 + Level 4.2 Earth Magic
 + Level 4.2 Poison Magic
 + Level 5.6 Invocations
 + Level 5.1 Evocations


You had 8 spell levels left.
You knew the following spells:

 Your Spells              Type           Power        Failure   Level  Hunger
a - Beastly Appendage     Tmut           ####..       4%          1    None
b - Sticks to Snakes      Tmut           ####....     6%          2    None
c - Spider Form           Tmut/Pois      ####......   12%         3    #......
d - Ice Form              Ice/Tmut       ####....     28%         4    ###....
e - Blade Hands           Tmut           ####......   45%         5    #####..

Your spell library contained the following spells:

 Spells                   Type           Power        Failure   Level  Hunger


Dungeon Overview and Level Annotations

Branches:
Dungeon (8/15)             Temple (1/1) D:7
   Lair: D:8-11

Altars:
Ashenzari
Cheibriados
Dithmenos
Elyvilon
Fedhas
Gozag
Hepliaklqana
Kikubaaqudgha
Makhleb
Nemelex Xobeh
Okawaru
Qazlal
Ru
Trog
Uskayaw
Vehumet
Wu Jian
Xom
Yredelemnul
Zin
The Shining One

Shops:
D:5 *


Innate Abilities, Weirdness & Mutations

Your experience applies equally to all skills.
((You have very sharp teeth.))
Your uncanny sense of smell can sniff out nearby items.
((Armour fits poorly on your strangely shaped body.))
((You are resistant to electric shocks. (rElec)))
((Your movements are less encumbered by armour. (ER -4)))


Message History

You bite the centaur!
The centaur is almost dead.
The centaur barely misses you. The crimson imp completely misses you.
The hippogriff misses you. x2; The hippogriff claws you.
* * * LOW HITPOINT WARNING * * *
You hit the centaur.
You kill the centaur!
Cheibriados thoroughly appreciates the change of pace.
The crimson imp hits you but does no damage.
As you read the scroll of fear, it crumbles to dust.
You assume a fearsome visage.
The jackal looks frightened! x2
The crimson imp is unaffected.
The hippogriff resists with some effort.
The hippogriff completely misses you. x2; The hippogriff closely misses you.
The crimson imp blinks!
Your transformation is almost over.
The hippogriff bites you.
* * * LOW HITPOINT WARNING * * *
The hippogriff pecks you!
You die...

########## *..#**
#<.......#######...,*****
#...........#....##.#*,,*
#.................#.#,,,*****
#.>............h.....,*,,,**,
#................(...,,**,,,,
#....................,,,,,***
#######..........#..#,,,,,,,*
**********##....s)5......,,,,,*,*
*,,,**,,.###...##H.######,,,,,,,,
,,,,,,,∆.......)(†## *,,******
,,,,,,,,...##..#### *,,,,,,,,
,,,,,,,,.....h.# *,,,,,,,,
,,,,,,,,>...##.#* **,,,,,,,
,,,,,,,...#.*#..*** **>,******
*,,,**...,,,*....,* **,,,,,,,,,
****,,,,,,,,,c#**,** **,,,,,,,,,,


You could see a hippogriff, a crimson imp and a jackal (fleeing).

Vanquished Creatures
  Erica (D:8)
  A two-headed ogre (D:7)
  A hippogriff (D:8)
  A spriggan (D:7)
  A hungry ghost (D:8)
  4 phantoms
  An ice beast (D:6)
  A necrophage (D:7)
  A sky beast (D:7)
  3 ogres
  2 centaurs
  3 bullfrogs
  8 scorpions
  3 killer bees (D:7)
  A howler monkey (D:7)
  3 crimson imps
  A centaur zombie (D:6)
  A quasit (D:7)
  An orc priest (D:5)
  3 hounds
  3 jellies
  Crazy Yiuf (D:6)
  3 orc wizards (D:5)
  Ijyb (D:3)
  8 worker ants
  Terence (D:3)
  A hound skeleton (D:7)
  Robin (D:3)
  7 adders
  4 gnolls (D:7)
  An adder skeleton (D:4)
  A worm (D:2)
  A dart slug (D:3)
  6 leopard geckos
  17 orcs
  3 giant cockroaches
  17 goblins
  12 hobgoblins
  9 jackals
  5 quokkas
  A ball python (D:1)
  6 bats
  6 frilled lizards
  6 kobolds
  A leopard gecko zombie (D:7)
  5 rats
168 creatures vanquished.

Vanquished Creatures (others)
  An ogre (D:8)
1 creature vanquished.

Grand Total: 169 creatures vanquished

Notes
Turn   | Place    | Note
-------+----------+-------------------------------------------
     0 | D:1      | jan the Gnoll Transmuter began the quest for the Orb.
     0 | D:1      | Reached XP level 1. HP: 17/17 MP: 6/6
   142 | D:1      | Reached XP level 2. HP: 23/23 MP: 7/7
   146 | D:1      | Learned a level 2 spell: Sticks to Snakes
   705 | D:2      | Reached XP level 3. HP: 28/28 MP: 9/9
   714 | D:2      | Learned a level 3 spell: Spider Form
   727 | D:2      | Reached skill level 5 in Spellcasting
   789 | D:2      | Reached skill level 1 in Invocations
  1132 | D:2      | Reached skill level 1 in Short Blades
  1132 | D:2      | Reached skill level 1 in Long Blades
  1132 | D:2      | Reached skill level 1 in Axes
  1132 | D:2      | Reached skill level 1 in Maces & Flails
  1132 | D:2      | Reached skill level 1 in Polearms
  1132 | D:2      | Reached skill level 1 in Staves
  1132 | D:2      | Reached skill level 1 in Slings
  1132 | D:2      | Reached skill level 1 in Bows
  1132 | D:2      | Reached skill level 1 in Crossbows
  1132 | D:2      | Reached skill level 1 in Throwing
  1132 | D:2      | Reached skill level 1 in Armour
  1132 | D:2      | Reached skill level 1 in Stealth
  1132 | D:2      | Reached skill level 1 in Shields
  1132 | D:2      | Reached skill level 1 in Evocations
  1215 | D:2      | Reached XP level 4. HP: 20/34 MP: 8/11
  1248 | D:2      | HP: 1/34 [poisoned by an adder]
  2035 | D:3      | Noticed Robin
  2040 | D:3      | Reached skill level 1 in Conjurations
  2040 | D:3      | Reached skill level 1 in Hexes
  2040 | D:3      | Reached skill level 1 in Charms
  2040 | D:3      | Reached skill level 1 in Summonings
  2040 | D:3      | Reached skill level 1 in Necromancy
  2040 | D:3      | Reached skill level 1 in Translocations
  2040 | D:3      | Reached skill level 1 in Fire Magic
  2040 | D:3      | Reached skill level 1 in Ice Magic
  2040 | D:3      | Reached skill level 1 in Air Magic
  2040 | D:3      | Reached skill level 1 in Earth Magic
  2040 | D:3      | Reached skill level 1 in Poison Magic
  2067 | D:3      | Killed Robin
  2067 | D:3      | Reached XP level 5. HP: 22/40 MP: 8/12
  2292 | D:3      | Noticed Ijyb
  2299 | D:3      | Killed Ijyb
  2426 | D:3      | Noticed Terence
  2437 | D:3      | Killed Terence
  2515 | D:3      | Found a faded altar of an unknown god.
  2786 | D:4      | Gained mutation: Armour fits poorly on your strangely shaped body. [potion of mutation]
  2786 | D:4      | Gained mutation: You are resistant to electric shocks. (rElec) [potion of mutation]
  2786 | D:4      | Gained mutation: You are frail. (-10% HP) [potion of mutation]
  2786 | D:4      | Gained mutation: Your movements are slightly less encumbered by armour. (ER -2) [potion of mutation]
  2787 | D:4      | Lost mutation: You are frail. (-10% HP) [potion of mutation]
  2787 | D:4      | Gained mutation: Your movements are less encumbered by armour. (ER -4) [potion of mutation]
  2916 | D:4      | Reached XP level 6. HP: 47/47 MP: 6/13
  3241 | D:4      | Reached skill level 5 in Dodging
  3489 | D:4      | Reached XP level 7. HP: 48/52 MP: 12/15
  3495 | D:4      | Reached skill level 7 in Unarmed Combat
  3611 | D:5      | Entered Level 5 of the Dungeon
  4262 | D:5      | Reached XP level 8. HP: 37/60 MP: 13/16
  4857 | D:5      | Found Riniliza's Assorted Antiques.
  4862 | D:5      | Bought a heavily runed steel ring for 130 gold pieces
  4862 | D:5      | Bought a scroll labeled EHOGHI FACW for 26 gold pieces
  4862 | D:5      | Identified the ring of Ilok {rElec rF+ MR+++ Dex-2 SInv} (You bought it in a shop on level 5 of the Dungeon)
  5344 | D:6      | Learned a level 4 spell: Ice Form
  5413 | D:6      | Found a hazy altar of Hepliaklqana.
  5414 | D:6      | Found a shimmering altar of Xom.
  5415 | D:6      | Noticed a spectral ugly thing
  5679 | D:6      | Found a runed door.
  5829 | D:6      | Noticed Crazy Yiuf
  5834 | D:6      | Killed Crazy Yiuf
  5977 | D:7      | Found an ornate altar of the Wu Jian Council.
  6170 | D:7      | Reached XP level 9. HP: 66/66 MP: 15/18
  6204 | D:7      | Found a staircase to the Ecumenical Temple.
  6227 | Temple   | Entered the Ecumenical Temple
  6320 | Temple   | Became a worshipper of Cheibriados the Contemplative
  6417 | D:7      | Reached skill level 5 in Transmutations
  6878 | D:7      | Noticed a two-headed ogre
  6909 | D:7      | Killed a two-headed ogre
  6909 | D:7      | Reached skill level 5 in Fighting
  7113 | D:7      | Reached skill level 8 in Unarmed Combat
  7199 | D:7      | Reached * piety under Cheibriados
  7210 | D:7      | Reached skill level 5 in Invocations
  7540 | D:7      | Reached XP level 10. HP: 66/74 MP: 15/20
  7692 | D:7      | Got a heavily jewelled robe
  7736 | D:7      | Identified the cursed +1 robe of the Shrike {rF+ Int+2 Stlth+} (You took it off an orc on level 7 of the Dungeon)
  7855 | D:7      | Found a burning altar of Makhleb.
  7879 | D:7      | Learned a level 5 spell: Blade Hands
  8025 | D:8      | Noticed Erica
  8052 | D:8      | Killed Erica
  8052 | D:8      | Reached skill level 5 in Short Blades
  8052 | D:8      | Reached skill level 5 in Long Blades
  8052 | D:8      | Reached skill level 5 in Axes
  8052 | D:8      | Reached skill level 5 in Maces & Flails
  8052 | D:8      | Reached skill level 5 in Polearms
  8052 | D:8      | Reached skill level 5 in Staves
  8052 | D:8      | Reached skill level 5 in Slings
  8052 | D:8      | Reached skill level 5 in Bows
  8052 | D:8      | Reached skill level 5 in Crossbows
  8052 | D:8      | Reached skill level 5 in Throwing
  8052 | D:8      | Reached skill level 5 in Armour
  8052 | D:8      | Reached skill level 5 in Stealth
  8052 | D:8      | Reached skill level 5 in Shields
  8052 | D:8      | Reached skill level 5 in Evocations
  8061 | D:8      | Slain by a hippogriff

Skill      XL: |  1  2  3  4  5  6  7  8  9 10 |
---------------+-------------------------------+-----
Spellcasting   | 5 6 7 |  7.3
Invocations    | 1 2 3 4 5 |  5.6
Short Blades   | 1 2 3 4 5 |  5.1
Long Blades    | 1 2 3 4 5 |  5.1
Axes           | 1 2 3 4 5 |  5.1
Maces & Flails | 1 2 3 4 5 |  5.1
Polearms       | 1 2 3 4 5 |  5.1
Staves         | 1 2 3 4 5 |  5.1
Slings         | 1 2 3 4 5 |  5.1
Bows           | 1 2 3 4 5 |  5.1
Crossbows      | 1 2 3 4 5 |  5.1
Throwing       | 1 2 3 4 5 |  5.1
Armour         | 1 2 3 4 5 |  5.1
Stealth        | 1 2 3 4 5 |  5.1
Shields        | 1 2 3 4 5 |  5.1
Evocations     | 1 2 3 4 5 |  5.1
Conjurations   | 1 2 3 4 |  4.2
Hexes          | 1 2 3 4 |  4.2
Charms         | 1 2 3 4 |  4.2
Summonings     | 1 2 3 4 |  4.2
Necromancy     | 1 2 3 4 |  4.2
Translocations | 1 2 3 4 |  4.2
Fire Magic     | 1 2 3 4 |  4.2
Ice Magic      | 1 2 3 4 |  4.2
Air Magic      | 1 2 3 4 |  4.2
Earth Magic    | 1 2 3 4 |  4.2
Poison Magic   | 1 2 3 4 |  4.2
Fighting       | 3 4 5 |  5.8
Transmutations | 4 5 |  5.8
Dodging        | 5 6 7 |  7.0
Unarmed Combat | 7 8 |  8.4

Action                   |  1- 3 |  4- 6 |  7- 9 | 10-12 || total
-------------------------+-------+-------+-------+-------++-------
Melee: Unarmed           |    85 |   126 |   245 |    49 ||   505
       Bite              |     3 |     1 |     2 |     3 ||     9
       Punch             |     1 |     1 |       |     2 ||     4
       Kick              |       |     6 |       |       ||     6
       Headbutt          |       |     3 |       |     5 ||     8
 Cast: Spider Form       |     4 |    17 |    35 |     2 ||    58
       Beastly Appendage |     2 |    10 |       |     1 ||    13
       Ice Form          |       |       |     1 |     2 ||     3
  Use: Scroll            |       |    12 |     4 |     2 ||    18
       Potion            |       |     2 |       |     2 ||     4
 Stab: Sleeping          |     2 |     5 |     4 |       ||    11
       Held in net/web   |       |       |     2 |       ||     2
  Eat: Chunk             |     1 |     9 |    11 |       ||    21
       Ration            |       |       |     1 |       ||     1
Armor: Robe              |     7 |     3 |       |     3 ||    13
       Skin              |     1 |     7 |    11 |     6 ||    25
       Steam dragon scal |       |     1 |     3 |       ||     4
Dodge: Dodged            |    46 |   104 |   249 |    64 ||   463
